 Dungeon Crawl Stone Soup version 0.28.0 (webtiles) character file.

Game seed: 7826861742944169138

302 Spectrina the Sneak (level 6, -5/28 HPs)
             Began as a Felid Monk on Feb 6, 2022.
             Was an Elder of Wu Jian.
             Killed from afar by a white imp (8 damage)
             ... with a puff of frost
             ... on level 5 of the Dungeon.
             The game lasted 00:22:36 (2581 turns).

Spectrina the Sneak (Felid Monk)                    Turns: 2581, Time: 00:22:37

Health: -5/28      AC:  2    Str:  9    XL:     6   Next: 14%
Magic:  7/7        EV: 23    Int: 11    God:    Wu Jian [****..]
Gold:   191        SH:  0    Dex: 19    Spells: 5/5 levels left
                                        Lives:  0   Deaths: 1

rFire   . . .      SeeInvis +     - Unarmed
rCold   . . .      Faith    .   (shield unavailable)
rNeg    . . .      Spirit   .   (armour unavailable)
rPois   .          Reflect  .   (helmet unavailable)
rElec   .          Harm     .   (cloak unavailable)
rCorr   .          Rampage  .   (gloves unavailable)
Will    .....                   (boots unavailable)
Stlth   +++.......              (no amulet)
HPRegen 0.09/turn               g - +4 ring of evasion
MPRegen 0.10/turn               h - ring of flight

@: flying, unable to read, quick
A: very small, claws 1, fangs 3, see invisible, speed 1, shaggy fur 2, stealthy
paws, no weapons or thrown items, no armour, multi-lived, high MP 1, inability
to read while threatened
a: Renounce Religion, Wall Jump, Serpent's Lash


You were on level 5 of the Dungeon.
You worshipped Wu Jian.
Wu Jian was greatly pleased with you.
You visited 1 branch of the dungeon, and saw 6 of its levels.
You also visited: Sewer.

You collected 215 gold pieces.
You spent 24 gold pieces at shops.

Inventory:

Missiles
 f - 118 stones
Jewellery
 e - a ring of ice
 g - a +4 ring of evasion (left paw)
 h - a ring of flight (right paw)
Scrolls
 d - a scroll of amnesia {unknown}
 k - a scroll of vulnerability {unknown}
 l - a scroll of blinking {unknown}
 n - a scroll of teleportation
Potions
 a - 3 potions of flight
 b - 2 potions of curing
 c - a potion of heal wounds
 i - a potion of resistance
 j - 2 potions of lignification
 m - a potion of might {unknown}


   Skills:
 + Level 4.2 Fighting
 + Level 4.2 Dodging
 + Level 5.7 Stealth
 * Level 5.5 Unarmed Combat


You had 5 spell levels left.
You didn't know any spells.
Your spell library contained the following spells:

 Spells                   Type           Power      Damage    Failure   Level
 Corpse Rot               Necr/Air       0%         N/A       47%         2
 Tukima's Dance           Hex            0%         N/A       71%         3
 Anguish                  Hex/Necr       0%         N/A       98%         4
 Dispel Undead            Necr           0%         3d6       98%         4
 Death Channel            Necr           0%         N/A       100%        6
 Enfeeble                 Hex            0%         N/A       100%        7


Dungeon Overview and Level Annotations

Branches:
Dungeon (6/15)             Temple (0/1) D:5           Sewer (visited)

Altars:
Trog
Uskayaw
Wu Jian

Shops:
D:2 ?


Innate Abilities, Weirdness & Mutations

You have sharp claws.
You have razor-sharp teeth.
You have supernaturally acute eyesight. (SInv)
You cover ground quickly. (Speed+)
You are covered in thick fur. (AC +2)
Your paws help you pounce on unaware monsters.
You are incapable of wielding weapons or throwing items.
You cannot wear armour.
You gain extra lives every three experience levels.
You have an increased reservoir of magic. (+10% MP)
You sometimes lose the ability to read scrolls when taking damage.


Message History

You reach down and close the door.
An orc comes into view. It is wielding a +0 vampiric hand axe.
An orc wizard comes into view. It is wielding a +0 dagger.
The orc wizard moves out of view.
You reach down and open the door.
There is an open door here.
You reach down and open the door.
There is an open door here.
Unknown command.
Unknown command.
The white imp shouts!
The white imp gestures at you. The puff of frost hits you!
You feel threatened and lose the ability to read scrolls!
* * * LOW HITPOINT WARNING * * *
An orc wizard comes into view. It is wielding a +0 dagger.
The white imp gestures at you. The puff of frost misses you.
Unknown command.
Unknown command.
Okay, then.
You closely miss the white imp.
The orc wizard shouts!
The white imp misses you.
Unknown command.
Unknown command.
Unknown command.
Unknown command.
You barely miss the white imp. The white imp hits you.
* * * LOW HITPOINT WARNING * * *
The white imp freezes you.
* * * LOW HITPOINT WARNING * * *
Unknown command.
Unknown command.
Unknown command.
Okay, then.
You cannot read scrolls in your current state!
The white imp gestures at you. The puff of frost hits you!
You die...

####.......##...$###
#.......$.......#
####...............#
................o..#
...................#
...................#
#.#.#.#.#..........##
#.#.
..............5.....#
...
#.......#.......@...#
#..
................###'###
..
#...>...#..!....#≈≈≈≈≈#
###.###
............#####≈≈≈≈≈#
...... #.......#...#
#≈≈≈≈≈#######..##
............##
#≈≈≈≈≈#.......>##
#.#.#.#.#...†#
###'#######......
.............# #....#
#...... .............#
#....# #......


You could see an orc wizard and a white imp.

Vanquished Creatures
  A kobold brigand (Sewer)
  A scorpion (D:5)
  A bullfrog zombie (D:5)
  An orc priest (D:4)
  A jelly (D:4)
  A howler monkey skeleton (D:4)
  5 adders
  2 river rats
  An adder skeleton (D:4)
  2 worms (D:4)
  A dart slug (D:1)
  8 orcs
  A bat (D:1)
  3 endoplasms
  A giant cockroach (D:4)
  2 goblins (D:2)
  6 hobgoblins
  4 jackals
  4 quokkas
  5 ball pythons
  5 frilled lizards
  6 kobolds
  12 rats
74 creatures vanquished.

Notes
Turn   | Place    | Note
-------+----------+-------------------------------------------
     0 | D:1      | Spectrina the Felid Monk began the quest for the Orb.
     0 | D:1      | Reached XP level 1. HP: 10/10 MP: 2/2
    82 | D:2      | Found a faded altar of an unknown god.
    89 | D:2      | Prayed at the altar of an unknown god.
    89 | D:2      | Became a worshipper of the Wu Jian Council
    89 | D:2      | Reached * piety under Wu Jian
    89 | D:2      | Reached ** piety under Wu Jian
   151 | D:2      | Reached XP level 2. HP: 8/14 MP: 3/3
   262 | D:2      | Found Dudd's Magic Scroll Emporium.
   278 | D:2      | Bought a scroll of identify for 24 gold pieces
   302 | D:2      | Reached *** piety under Wu Jian
   337 | D:1      | Reached XP level 3. HP: 8/17 MP: 4/4
   549 | D:3      | Noticed a sky beast
   789 | D:3      | Noticed a +0 hand axe
   789 | D:3      | Noticed a +0 hand axe
   789 | D:3      | Found a hide-covered altar of Uskayaw.
  1151 | D:4      | Reached XP level 4. HP: 17/21 MP: 5/5
  1245 | D:4      | Noticed a phantom
  1376 | D:4      | Found a bloodstained altar of Trog.
  1412 | D:4      | Reached XP level 5. HP: 7/24 MP: 6/6
  1415 | D:4      | HP: 1/24 [orc (3)]
  1506 | D:4      | Slain by an adder
  1507 | D:4      | Reached XP level 4. HP: -1/21 MP: 5/5
  1594 | D:4      | Found a glowing drain.
  1594 | D:4      | Reached **** piety under Wu Jian
  1601 | Sewer    | Entered a sewer
  1633 | Sewer    | Reached skill level 5 in Stealth
  1894 | Sewer    | Noticed a kobold brigand
  1906 | Sewer    | Gained mutation: You sometimes lose the ability to read
                  | scrolls when taking damage. [potion of mutation]
  1906 | Sewer    | Gained mutation: You have an increased reservoir of magic.
                  | (+10% MP) [potion of mutation]
  1934 | Sewer    | Killed a kobold brigand
  1935 | Sewer    | Reached skill level 5 in Unarmed Combat
  1935 | Sewer    | Reached XP level 5. HP: 12/25 MP: 6/6
  1951 | Sewer    | Found a white marble altar of Elyvilon.
  2047 | D:5      | Entered Level 5 of the Dungeon
  2245 | D:5      | Noticed a necrophage
  2296 | D:5      | Found a staircase to the Ecumenical Temple.
  2336 | D:5      | Gained mutation: You are covered in thick fur. (AC +2)
                  | [Felid growth]
  2336 | D:5      | Reached XP level 6. HP: 22/28 MP: 7/7
  2581 | D:5      | Killed from afar by a white imp

Illustrated notes

Levels and vault maps discovered:
D:1:      minmay_arrival_wavy_path, layout_basic, serial_corexii_hall,
          corexii_hall_statues_s, chequers_hall_statues_wall_a
D:2:      layout_loops_corners, chequers_ecumenical_altar_simple_redux,
          serial_shops, nicolae_shop_temple_entry_statues_fountains,
          minmay_distorted
D:3:      layout_loops_ring, dancing_weapons_uskayaw
D:4:      minmay_skewed_foursquare, layout_gridville, marbit_many_paths,
          lightli_sewer_entry_pipes, uniq_sigmund
D:5:      layout_basic, pdpol_wu_jian_five_deadly_venoms,
          minmay_temple_entry_glass, serial_rivers,
          chequers_serial_rivers_large_b, chequers_serial_rivers_marsh,
          chequers_serial_rivers_room_b, chequers_serial_rivers_room_b
D:6:      layout_basic, chei_slow_surprise

Skill      XL: |  1  2  3  4 |
---------------+-------------+-----
Stealth        | 3 4 5 |  5.7
Unarmed Combat | 4 5 |  5.5
Fighting       | 4 |  4.2
Dodging        | |  4.2

Action                   |  1- 3 |  4- 6 || total
-------------------------+-------+-------++-------
Melee: Unarmed           |    94 |   160 ||   254
       Bite              |     5 |    13 ||    18
       Punch             |       |     4 ||     4
Invok: Lunge             |    10 |     7 ||    17
       Whirlwind         |     1 |    16 ||    17
       Serpent's Lash    |       |     2 ||     2
 Abil: Wall Jump         |       |     4 ||     4
  Use: Potion            |     1 |     6 ||     7
       Scroll            |     1 |     2 ||     3
 Stab: Sleeping          |    14 |     4 ||    18
Armor: Skin              |     2 |     1 ||     3
Dodge: Dodged            |    62 |   106 ||   168
